[Event "Titled Tuesday Blitz June 13 Late 2023"]
[White "Swiercz, Dariusz"]
[Black "Paravyan, David"]
[WhiteFideId "1126881"]
[BlackFideId "4194985"]
[WhiteElo "2620"]
[BlackElo "2563"]
[Result "1/2-1/2"]
[Round "6"]
[TimeControl "180+2"]
[Date "2023.06.13"]
[WhiteClock "0:00:08"]
[BlackClock "0:00:10"]
[Board "4"]

1. e4 e5 2. Nf3 Nf6 3. Nxe5 d6 4. Nf3 Nxe4 5. Bd3 d5 6. O-O Be7 7. Re1 O-O 8. Nc3 Nf6 9. Bf1 h6 10. d4 Bf5 11. Bd3 Bxd3 12. Qxd3 Bd6 13. Nb5 Nc6 14. Nxd6 Qxd6 15. Ne5 Rfe8 16. Bf4 Nh5 17. Qf5 Qf6 18. Qxf6 gxf6 19. Nxc6 Nxf4 20. Ne7+ Kf8 21. Nf5 h5 22. g3 Ng6 23. Kg2 Re6 24. Re3 Ne7 25. Nxe7 Kxe7 26. Rae1 Rg8 27. c3 a5 28. Kf1 a4 29. a3 Ra8 30. Rf3 Ra6 31. Rfe3 Rb6 32. R1e2 f5 33. Ke1 Kf6 34. Kd1 Rxe3 35. fxe3 Kg5 36. Rf2 Kg4 37. Kc2 Re6 38. Kd3 Rb6 39. Rf4+ Kg5 40. Kc2 Kg6 41. Rf2 Kg5 42. h3 Kg6 43. Kd1 Re6 44. Ke2 Rb6 45. Kf3 Kg5 46. Rc2 Re6 47. c4 Rc6 48. c5 Re6 49. b4 axb3 50. Rb2 b6 51. Rxb3 bxc5 52. dxc5 Rc6 53. Rb5 Ra6 54. Rb7 Rxa3 55. Rxc7 d4 56. Re7 Rc3 57. c6 Kf6 58. Re8 d3 59. Rd8 Rxc6 60. Rxd3 Rc1 61. h4 Rf1+ 62. Ke2 Ra1 63. Kf2 Rb1 64. Kf3 Rf1+ 65. Kg2 Ra1 66. Rd6+ Kg7 67. Rd5 Kg6 68. Rd4 Rb1 69. Kf2 Ra1 70. Rd2 Rb1 71. Kf3 Rf1+ 72. Rf2 Ra1 73. Rc2 Rf1+ 74. Ke2 Ra1 75. Rc6+ f6 76. Rc8 Kg7 77. Kf3 Rf1+ 78. Ke2 Ra1 79. Kf2 Rb1 80. Rd8 Ra1 81. Rd2 Kg6 82. Kf3 Rf1+ 83. Rf2 Ra1 84. Kg2 Re1 85. Kf3 Ra1 86. Rd2 Rf1+ 87. Ke2 Ra1 88. Kf2 Rb1 89. Ra2 Rc1 90. Ra4 Rb1 91. Kf3 Rf1+ 92. Kg2 Rb1 93. Kf2 Rc1 94. Rb4 Ra1 95. Rb8 Kg7 96. Rb7+ Kg6 97. Rc7 Rb1 98. Ke2 Rh1 99. Rc8 Kg7 100. Rc5 Kg6 101. Kf2 Ra1 102. Rd5 Rb1 103. Ke2 Ra1 104. Rd1 Ra2+ 105. Rd2 Ra1 106. Rc2 Rh1 107. Kf3 Rf1+ 108. Kg2 Ra1 109. Kf2 Rb1 110. Rc8 Kg7 111. Rc7+ Kg6 112. Rc6 Kg7 113. Rc4 Kg6 114. Rf4 Ra1 115. e4 fxe4 116. Rxe4 Kf5 117. Rf4+ Ke5 118. Kg2 Ra2+ 119. Kh3 f5 120. Rb4 Kf6 121. Rb6+ Kg7 122. Rc6 Rb2 123. Rc5 Kg6 124. Rc8 Kg7 125. Rc7+ Kg6 126. Rd7 Rb3 127. Rd4 Kf6 128. Kg2 Kg6 129. Rd8 Kg7 130. Rd6 Ra3 131. Re6 Rb3 132. Kf2 Ra3 133. Re3 Ra1 134. Kf3 Rf1+ 135. Ke2 Ra1 136. Kf2 Kf6 137. Re8 Ra2+ 138. Kf3 Ra3+ 139. Re3 Ra1 140. Rb3 Rf1+ 141. Ke2 Ra1 142. Rb8 Kg7 143. Rb6 Ra3 144. Kf2 Rc3 145. Kg2 Ra3 146. Rc6 Rb3 147. Rd6 Ra3 148. Rd5 Kg6 149. Rd8 Kg7 150. Rd7+ Kg6 151. Rd8 Kg7 152. Rd5 Kg6 153. Rd6+ Kg7 1/2-1/2


[Site "https://www.chess.com"]

[Event "Titled Tuesday Blitz June 13 Late 2023"]
[White "Sarana, Alexey"]
[Black "Demidov, Mikhail"]
[WhiteFideId "24133795"]
[BlackFideId "4197143"]
[WhiteElo "2714"]
[BlackElo "2500"]
[Result "1-0"]
[Round "6"]
[TimeControl "180+2"]
[Date "2023.06.13"]
[WhiteClock "0:00:11"]
[BlackClock "0:00:00"]
[Board "5"]

1. c4 g6 2. d4 Bg7 3. e4 d6 4. Nc3 e5 5. d5 a5 6. Bd3 Na6 7. Nge2 Nc5 8. Bc2 Nf6 9. f3 Nfd7 10. Be3 Bh6 11. Qd2 Bxe3 12. Qxe3 Nb6 13. b3 O-O 14. Qh6 f5 15. exf5 Bxf5 16. Bxf5 gxf5 17. O-O Rf6 18. Qg5+ Kh8 19. f4 e4 20. Nd4 Qf8 21. Ncb5 Qf7 22. Rad1 Rg8 23. Qh4 Rfg6 24. Rd2 Qg7 25. Qh3 Nd3 26. Nxf5 Qf6 27. Re2 c6 28. dxc6 bxc6 29. Nbxd6 1-0


[Site "https://www.chess.com"]

[Event "Titled Tuesday Blitz June 13 Late 2023"]
[White "Deac, Bogdan-Daniel"]
[Black "Xiong, Jeffery"]
[WhiteFideId "1226380"]
[BlackFideId "2047640"]
[WhiteElo "2644"]
[BlackElo "2726"]
[Result "0-1"]
[Round "6"]
[TimeControl "180+2"]
[Date "2023.06.13"]
[WhiteClock "0:00:00"]
[BlackClock "0:00:37"]
[Board "6"]

1. e4 e6 2. Qe2 c5 3. Nf3 Nc6 4. c3 Nge7 5. d4 cxd4 6. cxd4 d5 7. Nc3 dxe4 8. Qxe4 Nd5 9. Bc4 Nf6 10. Qh4 Be7 11. O-O O-O 12. Rd1 h6 13. Bxh6 Nh7 14. Qg3 Bf6 15. Ne4 Kh8 16. Nxf6 Qxf6 17. Bf4 Bd7 18. Ne5 Nxe5 19. Bxe5 Qg5 20. Qh3 Bc6 21. Rd3 f6 22. Rg3 Qf5 23. Bd3 Qxh3 24. Rxh3 fxe5 25. Bxh7 g5 26. Be4+ Kg7 27. Bxc6 bxc6 28. dxe5 Rad8 29. Rg3 Kh6 30. h3 Rd2 31. Rf1 Rc2 32. Rc3 Rxb2 33. Rxc6 Rxa2 34. Rxe6+ Kg7 35. Rd6 a5 36. Ra6 Rf5 37. e6 Kf6 38. g3 Ke7 39. Kg2 Kf6 40. g4 Rf4 41. Kg3 Ra3+ 42. f3 Ke7 43. Ra7+ Kxe6 44. h4 Rf8 45. hxg5 Rg8 46. Re1+ Kd5 47. Rd7+ Kc6 48. Rd4 Rxg5 49. Rc1+ Kb5 50. Rf4 a4 51. Rf5+ Rxf5 52. gxf5 Rb3 53. Kg4 a3 54. f6 Ka4 55. f7 Rb8 56. Kg5 a2 57. Ra1 Kb3 58. Kg6 Kb2 59. Rf1 Kc3 0-1


[Site "https://www.chess.com"]

[Event "Titled Tuesday Blitz June 13 Late 2023"]
[White "Makarian, Rudik"]
[Black "Kovalev, Vladislav"]
[WhiteFideId "44105681"]
[BlackFideId "13504398"]
[WhiteElo "2451"]
[BlackElo "2555"]
[Result "0-1"]
[Round "6"]
[TimeControl "180+2"]
[Date "2023.06.13"]
[WhiteClock "0:00:00"]
[BlackClock "0:01:39"]
[Board "7"]

1. d4 Nf6 2. c4 e6 3. Nf3 d5 4. Nc3 Be7 5. g3 O-O 6. Bg2 dxc4 7. Ne5 c5 8. dxc5 Qxd1+ 9. Nxd1 Bxc5 10. O-O Nc6 11. Bxc6 bxc6 12. Be3 Bd6 13. Nxc4 Be7 0-1


[Site "https://www.chess.com"]

[Event "Titled Tuesday Blitz June 13 Late 2023"]
[White "Anton Guijarro, David"]
[Black "Simonian, Hrair"]
[WhiteFideId "2285525"]
[BlackFideId "13302337"]
[WhiteElo "2618"]
[BlackElo "2447"]
[Result "0-1"]
[Round "6"]
[TimeControl "180+2"]
[Date "2023.06.13"]
[WhiteClock "0:00:08"]
[BlackClock "0:01:24"]
[Board "8"]

1. Nf3 Nf6 2. b3 d5 3. Bb2 c5 4. e3 Nc6 5. Bb5 Bd7 6. O-O Qc7 7. c4 a6 8. Bxc6 Bxc6 9. Ne5 e6 10. Nxc6 Qxc6 11. Bxf6 gxf6 12. cxd5 Qxd5 13. Nc3 Qf5 14. d4 Rg8 15. g3 h5 16. d5 O-O-O 17. e4 Qh3 18. Qf3 h4 19. Ne2 Bd6 20. Qg2 Qg4 21. f3 Qg6 22. g4 h3 23. Qf2 f5 24. exf5 exf5 25. Ng3 fxg4 26. fxg4 Qxg4 27. Qf5+ Qxf5 28. Rxf5 Bxg3 29. hxg3 Rxg3+ 30. Kf2 Rd3 31. Rxf7 R8xd5 32. Rh7 Rd2+ 33. Ke3 R5d3+ 34. Ke4 h2 35. Rf1 Kb8 36. Rff7 Rd4+ 37. Ke5 Re2+ 0-1


[Site "https://www.chess.com"]

[Event "Titled Tuesday Blitz June 13 Late 2023"]
[White "Aravindh, Chithambaram VR."]
[Black "Martinez Alcantara, Jose Eduardo"]
[WhiteFideId "5072786"]
[BlackFideId "3805662"]
[WhiteElo "2596"]
[BlackElo "2711"]
[Result "1-0"]
[Round "6"]
[TimeControl "180+2"]
[Date "2023.06.13"]
[WhiteClock "0:00:07"]
[BlackClock "0:00:13"]
[Board "9"]

1. d4 Nf6 2. Nf3 e6 3. e3 b6 4. Bd3 Bb7 5. O-O g6 6. c4 Bg7 7. Nc3 d6 8. e4 O-O 9. h3 Nbd7 10. Bg5 h6 11. Be3 c5 12. d5 e5 13. a3 Bc8 14. b4 Ne8 15. Qc2 Ndf6 16. Rfb1 Nh5 17. Qd2 Nf4 18. Bf1 g5 19. a4 f5 20. a5 fxe4 21. Nxe4 Bf5 22. Qc2 Rc8 23. axb6 axb6 24. bxc5 bxc5 25. Nfd2 Rc7 26. Ra6 Rcf7 27. Qa4 Qe7 28. Rbb6 Bc8 29. Ra8 Bd7 30. Qa6 g4 31. hxg4 Bxg4 32. Rbb8 Nc7 33. Rxf8+ Bxf8 34. Rxf8+ Rxf8 35. Qxd6 Qxd6 36. Nxd6 Na6 37. f3 Bd7 38. N2e4 Rb8 39. Nf6+ Kg7 40. Nxd7 Rb1 41. Nxe5 Ne2+ 42. Kf2 Nc3 43. Nf5+ Kf6 44. Bd3 Kxe5 45. Bxb1 Nxb1 46. Nxh6 Na3 47. Ng4+ Kf5 48. Bc1 Nxc4 49. Ne3+ Nxe3 50. Kxe3 Ke5 51. g4 Kxd5 52. f4 Nb4 53. f5 Kd6 54. Ke4 c4 55. Ba3 Kc5 56. f6 c3 57. f7 1-0


[Site "https://www.chess.com"]

[Event "Titled Tuesday Blitz June 13 Late 2023"]
[White "Najer, Evgeniy"]
[Black "Sviridov, Valery"]
[WhiteFideId "4118987"]
[BlackFideId "4120680"]
[WhiteElo "2545"]
[BlackElo "2457"]
[Result "1-0"]
[Round "6"]
[TimeControl "180+2"]
[Date "2023.06.13"]
[WhiteClock "0:00:15"]
[BlackClock "0:00:18"]
[Board "10"]

1. d4 g6 2. e4 Bg7 3. Nc3 d6 4. Be3 a6 5. Nf3 b5 6. Bd3 Bb7 7. e5 e6 8. Be4 d5 9. Bd3 Nd7 10. Ne2 c5 11. c3 Ne7 12. Ng3 h6 13. O-O Qc7 14. a4 c4 15. Bc2 Nc6 16. axb5 axb5 17. Rxa8+ Bxa8 18. Qd2 Bb7 19. h4 b4 20. Nh2 b3 21. Bb1 h5 22. Bg5 Bf8 23. Ne2 Nb6 24. Nf4 Kd7 25. Bf6 Rg8 26. Nf3 Kc8 27. Ng5 Kb8 28. Ngxe6 fxe6 29. Nxe6 Qf7 30. Nxf8 Rxf8 31. Qg5 Rg8 32. Re1 Bc8 33. e6 Bxe6 34. Be5+ Kb7 35. Bg3 Bf5 36. Qf4 Rf8 37. Bxf5 Qxf5 38. Qc7+ Ka6 39. Qxc6 1-0


[Site "https://www.chess.com"]

[Event "Titled Tuesday Blitz June 13 Late 2023"]
[White "Gadimbayli, Abdulla"]
[Black "Van Foreest, Jorden"]
[WhiteFideId "13404938"]
[BlackFideId "1039784"]
[WhiteElo "2386"]
[BlackElo "2633"]
[Result "0-1"]
[Round "6"]
[TimeControl "180+2"]
[Date "2023.06.13"]
[WhiteClock "0:00:00"]
[BlackClock "0:01:15"]
[Board "11"]

1. e4 c5 2. Nf3 d6 3. d4 cxd4 4. Nxd4 Nf6 5. Nc3 a6 6. g3 g6 7. Bg2 Bg7 8. O-O O-O 9. h3 Nc6 10. Be3 Nxd4 11. Bxd4 Bd7 12. Qe2 Bc6 13. Rad1 Qa5 14. Rfe1 Rac8 15. a3 Rfe8 16. e5 dxe5 17. Bxe5 Bxg2 18. Kxg2 Qc5 19. Qf3 b5 20. Qb7 Qc6+ 21. Qxc6 Rxc6 22. Bxf6 Bxf6 23. Nd5 Kg7 24. c3 h5 25. Nb4 Rb6 26. Nd5 Rc6 27. Nxf6 Kxf6 28. Rd7 e6 29. Re4 e5 30. Re3 Ke6 31. Ra7 Rd8 32. Rf3 f5 33. Re3 Rd2 34. b4 e4 35. Ra8 Rc2 36. g4 hxg4 37. hxg4 Ke5 38. Re8+ Kf4 39. gxf5 gxf5 40. Rh8 R6xc3 41. Rh4+ Kg5 0-1


[Site "https://www.chess.com"]

[Event "Titled Tuesday Blitz June 13 Late 2023"]
[White "Hambleton, Aman"]
[Black "Bortnyk, Olexandr"]
[WhiteFideId "2606577"]
[BlackFideId "14120828"]
[WhiteElo "2511"]
[BlackElo "2733"]
[Result "0-1"]
[Round "6"]
[TimeControl "180+2"]
[Date "2023.06.13"]
[WhiteClock "0:00:00"]
[BlackClock "0:00:15"]
[Board "12"]

1. d4 Nf6 2. c4 b6 3. f3 Nc6 4. d5 Ne5 5. e4 e6 6. Be3 Bb4+ 7. Nd2 Qe7 8. Be2 exd5 9. cxd5 Nxd5 10. exd5 Nd3+ 11. Bxd3 Qxe3+ 12. Be2 O-O 13. a3 Be7 14. Ne4 f5 15. Qd2 Qb3 16. Nc3 Re8 17. Nh3 Bc5 18. Kf1 Be3 19. Qd3 Qxb2 20. Rb1 Qxa3 21. Nd1 Qc5 22. Nxe3 Rxe3 23. Qd2 Rc3 24. Nf4 Rc2 25. Qd1 a5 26. Nd3 Qc3 27. Rc1 Rxc1 28. Qxc1 Qd4 29. Qxc7 Ba6 30. Qe5 Qxe5 31. Nxe5 Bxe2+ 32. Kxe2 Re8 33. f4 d6 34. Rb1 dxe5 35. Rxb6 exf4+ 36. Kf3 g5 37. Ra6 Re3+ 38. Kf2 Rd3 39. Rxa5 Kf7 40. h4 gxh4 41. Ra4 Kg6 42. Rxf4 Kg5 43. Rc4 Rd2+ 44. Kf3 Rxd5 45. Rc3 Rd4 46. Kf2 Rf4+ 47. Kg1 h6 48. Kh2 Re4 49. Rd3 Re2 50. Rc3 f4 51. Kh3 Re3+ 0-1


[Site "https://www.chess.com"]

[Event "Titled Tuesday Blitz June 13 Late 2023"]
[White "Rasulov, Vugar"]
[Black "Lobanov, Sergei"]
[WhiteFideId "13402390"]
[BlackFideId "24183750"]
[WhiteElo "2509"]
[BlackElo "2501"]
[Result "0-1"]
[Round "6"]
[TimeControl "180+2"]
[Date "2023.06.13"]
[WhiteClock "0:00:00"]
[BlackClock "0:02:16"]
[Board "13"]

1. d4 Nf6 2. c4 e6 3. Nf3 d5 4. g3 Be7 5. Bg2 O-O 6. O-O dxc4 7. Qc2 a6 8. a4 Nc6 9. Qxc4 Qd5 10. b3 Rd8 11. e3 Qh5 12. Nbd2 e5 13. dxe5 Ng4 14. Bb2 Rxd2 0-1


[Site "https://www.chess.com"]

[Event "Titled Tuesday Blitz June 13 Late 2023"]
[White "Babazada, Khazar"]
[Black "Santos Ruiz, Miguel"]
[WhiteFideId "13413554"]
[BlackFideId "22291482"]
[WhiteElo "2369"]
[BlackElo "2499"]
[Result "0-1"]
[Round "6"]
[TimeControl "180+2"]
[Date "2023.06.13"]
[WhiteClock "0:00:07"]
[BlackClock "0:00:04"]
[Board "14"]

1. e4 c5 2. Nf3 d6 3. d4 cxd4 4. Nxd4 Nf6 5. Nc3 a6 6. Be2 e6 7. g4 b5 8. g5 Nfd7 9. h4 Bb7 10. a3 Nc6 11. Nxc6 Bxc6 12. Be3 Be7 13. Qd4 O-O 14. O-O-O Rb8 15. Rdg1 Qa5 16. Na2 e5 17. Qd3 Nc5 18. Bxc5 dxc5 19. h5 c4 20. Qg3 b4 21. Bxc4 bxa3 22. b3 Kh8 23. Rd1 Qc5 24. h6 g6 25. Bd5 f6 26. gxf6 Bxf6 27. Rh3 Bxd5 28. Rxd5 Qb6 29. Rd7 Rbc8 30. Qd3 Qxf2 31. Rh1 Bg5+ 32. Kb1 Qf3 33. Qxf3 Rxf3 34. Nb4 Bd2 35. Nc6 Bc3 36. Rhd1 Rcf8 37. Rc7 Rf1 38. Rd7 Kg8 39. Ka2 Rxd1 40. Rxd1 Rf2 41. Kxa3 Rxc2 42. Ne7+ Kf7 43. Rd7 Ke6 44. Ra7 Bd4 45. Rxa6+ Kxe7 46. b4 Rc3+ 47. Ka4 Rc1 48. Kb5 Kf7 49. Rd6 g5 50. Rd7+ Kg6 51. Rd6+ Kh5 52. Rc6 Rxc6 0-1


[Site "https://www.chess.com"]

[Event "Titled Tuesday Blitz June 13 Late 2023"]
[White "Fressinet, Laurent"]
[Black "Djordjevic, Vuk"]
[WhiteFideId "608742"]
[BlackFideId "902098"]
[WhiteElo "2633"]
[BlackElo "2463"]
[Result "1-0"]
[Round "6"]
[TimeControl "180+2"]
[Date "2023.06.13"]
[WhiteClock "0:00:24"]
[BlackClock "0:00:02"]
[Board "15"]

1. d4 Nf6 2. Nf3 e6 3. Bg5 c5 4. e3 Qb6 5. Nbd2 Nc6 6. Nc4 Qd8 7. d5 exd5 8. Bxf6 Qxf6 9. Qxd5 Qe6 10. e4 Nb4 11. Qd2 Be7 12. c3 d5 13. Ne3 dxe4 14. Bc4 Qf6 15. Ng1 Nd3+ 16. Bxd3 exd3 17. Qxd3 O-O 18. Nf3 Rd8 19. Qe4 Be6 20. O-O b6 21. a4 Rab8 22. Ne5 Re8 23. Nc6 Ra8 24. Nd5 Bxd5 25. Qxd5 Qd6 26. Rad1 Qxd5 27. Rxd5 Bf8 28. Rd7 a6 29. Rfd1 Re6 30. Nd8 Re2 31. R7d2 Rxd2 32. Rxd2 Be7 33. Nc6 Bf6 34. Rd6 b5 35. a5 Kf8 36. Kf1 Re8 37. Na7 Re6 38. Rxe6 fxe6 39. Nxb5 Bd8 40. Na3 Bxa5 41. Nc4 Bc7 42. Ke2 Bxh2 43. g3 h5 44. Kf3 Bg1 45. Kg2 Bxf2 46. Kxf2 Ke7 47. Kf3 g5 48. Nd2 h4 49. Ne4 hxg3 50. Nxc5 a5 51. Nb7 a4 52. Nc5 Kd6 53. Nxa4 Kd5 54. b3 e5 55. Kxg3 e4 56. c4+ Kd4 57. c5 e3 58. c6 Kd3 59. Nb2+ Kc3 60. Nd1+ 1-0


[Site "https://www.chess.com"]

[Event "Titled Tuesday Blitz June 13 Late 2023"]
[White "Klukin, Kirill"]
[Black "Tari, Aryan"]
[WhiteFideId "24199273"]
[BlackFideId "1510045"]
[WhiteElo "2344"]
[BlackElo "2586"]
[Result "1-0"]
[Round "6"]
[TimeControl "180+2"]
[Date "2023.06.13"]
[WhiteClock "0:00:58"]
[BlackClock "0:00:01"]
[Board "16"]

1. d4 d5 2. c4 e6 3. Nc3 Bb4 4. Nf3 dxc4 5. e3 b5 6. a4 c6 7. Bd2 a5 8. axb5 Bxc3 9. Bxc3 cxb5 10. b3 Bb7 11. bxc4 b4 12. Bb2 Nf6 13. Bd3 O-O 14. O-O Nbd7 15. Nd2 Qc7 16. Bc2 e5 17. d5 Nc5 18. f4 Nfd7 19. fxe5 Nxe5 20. Bxh7+ Kxh7 21. Qh5+ Kg8 22. Bxe5 Qe7 23. Bd4 Nd7 24. Rf3 Ra6 25. Rg3 Rg6 26. Rxg6 fxg6 27. Qxg6 Nf6 28. Rxa5 b3 29. Rb5 Qa3 30. Rxb7 Qc1+ 31. Nf1 1-0


[Site "https://www.chess.com"]

[Event "Titled Tuesday Blitz June 13 Late 2023"]
[White "Bordi, Kevin"]
[Black "Holt, Conrad"]
[WhiteFideId "621862"]
[BlackFideId "2034387"]
[WhiteElo "2739"]
[BlackElo "2592"]
[Result "1-0"]
[Round "6"]
[TimeControl "180+2"]
[Date "2023.06.13"]
[WhiteClock "0:00:23"]
[BlackClock "0:00:07"]
[Board "17"]

1. d4 d5 2. Bf4 c5 3. e3 Nc6 4. c3 Nf6 5. Nd2 e6 6. Ngf3 Be7 7. Bd3 Nh5 8. Be5 cxd4 9. exd4 O-O 10. O-O Nxe5 11. Nxe5 Nf4 12. Bc2 f6 13. Nef3 g5 14. g3 Ng6 15. Re1 Kg7 16. Nf1 g4 17. N3d2 f5 18. Ne3 h5 19. Ng2 h4 20. Nf1 Bg5 21. f4 Bf6 22. gxh4 Bxh4 23. Ng3 Rh8 24. Re3 Be7 25. Qf1 Bd6 26. Rae1 Qf6 27. Qf2 Bd7 28. R1e2 Rh7 29. Bd3 Rah8 30. Nf1 Rh3 31. Rg3 Qd8 32. Ree3 Qc7 33. Rxh3 gxh3 34. Ne1 Bxf4 35. Re2 Bd6 36. Nf3 Nf4 37. Rd2 Rh6 38. Kh1 Rg6 39. Ng3 Nxd3 40. Rxd3 Bxg3 41. hxg3 Qxg3 42. Qxg3 Rxg3 43. Ne5 Rxd3 44. Nxd3 Kf6 45. Kh2 Kg5 46. Kxh3 f4 47. Kg2 Kg4 48. Ne5+ Kf5 49. Nxd7 Ke4 50. Nc5+ Ke3 51. Kf1 Kd2 52. Nxe6 Kc2 53. Nxf4 Kxb2 54. Nxd5 b5 55. Nc7 Kxc3 56. d5 a5 57. Nxb5+ Kb2 58. d6 a4 59. d7 a3 60. d8=Q Ka1 61. Qd1+ Kb2 62. Qb3+ Ka1 63. Qxa3 Kb1 64. Qb4+ Ka1 65. Qd4+ Kb1 66. a4 Ka2 67. Qb4 Ka1 68. a5 Ka2 69. a6 Ka1 70. a7 Ka2 71. a8=Q# 1-0


[Site "https://www.chess.com"]

[Event "Titled Tuesday Blitz June 13 Late 2023"]
[White "Dardha, Daniel"]
[Black "Nazari, Arad"]
[WhiteFideId "240990"]
[BlackFideId "12577324"]
[WhiteElo "2572"]
[BlackElo "2175"]
[Result "1-0"]
[Round "6"]
[TimeControl "180+2"]
[Date "2023.06.13"]
[WhiteClock "0:00:10"]
[BlackClock "0:00:00"]
[Board "18"]

1. e4 c5 2. Nc3 d6 3. Nge2 Nf6 4. g3 g6 5. Bg2 Bg7 6. d4 cxd4 7. Nxd4 O-O 8. O-O Nc6 9. Nde2 a6 10. a4 Rb8 11. Nd5 b5 12. axb5 axb5 13. Bg5 Nxd5 14. exd5 Ne5 15. Nd4 h6 16. Bf4 Bd7 17. b3 g5 18. Bc1 Qb6 19. Bb2 Ra8 20. Kh1 Rxa1 21. Qxa1 Ng4 22. h3 Nf6 23. Re1 Re8 24. Kg1 Nh5 25. Re3 Bf6 26. Nc6 Bxc6 27. dxc6 Kg7 28. Bf3 Bxb2 29. Qxb2+ Nf6 30. Bg2 e5 31. Rd3 Qc5 32. b4 Qc4 33. Rxd6 Qe2 34. Qc3 Ne4 35. Bxe4 Qxe4 36. c7 Ra8 37. c8=Q Rxc8 38. Qxc8 Qe1+ 39. Kg2 Qe4+ 40. Kh2 Qe1 41. Qf5 1-0


[Site "https://www.chess.com"]

[Event "Titled Tuesday Blitz June 13 Late 2023"]
[White "Gokerkan, Cem Kaan"]
[Black "Zakhartsov, Vladimir"]
[WhiteFideId "6336760"]
[BlackFideId "4145097"]
[WhiteElo "2365"]
[BlackElo "2508"]
[Result "0-1"]
[Round "6"]
[TimeControl "180+2"]
[Date "2023.06.13"]
[WhiteClock "0:00:00"]
[BlackClock "0:00:17"]
[Board "19"]

1. e4 c5 2. Nf3 d6 3. d4 Nf6 4. Nc3 cxd4 5. Nxd4 g6 6. Be3 Bg7 7. f3 h5 8. Qd2 a6 9. Bc4 b5 10. Be2 Bb7 11. O-O Nbd7 12. a4 b4 13. Na2 a5 14. c3 bxc3 15. Nxc3 O-O 16. Bb5 Nc5 17. Rfb1 e5 18. Nc6 Bxc6 19. Bxc6 Rc8 20. Bxc5 dxc5 21. Qxd8 Rfxd8 22. Bd5 c4 23. b3 cxb3 24. Rxb3 Bf8 25. Rd1 Bb4 26. Nb5 Kg7 27. Rb2 Rc5 28. Rb3 Rc2 29. Rbd3 h4 30. Kh1 Nh5 31. Bb3 Rxd3 32. Bxc2 Re3 33. Bd3 h3 34. Bc4 hxg2+ 35. Kxg2 Nf4+ 36. Kg3 f5 37. exf5 gxf5 38. Kf2 Bc5 39. Kg3 Kf6 40. h4 e4 41. Rf1 Ke5 42. Bg8 Re2 43. fxe4 Rg2+ 0-1


[Site "https://www.chess.com"]

[Event "Titled Tuesday Blitz June 13 Late 2023"]
[White "Katz, Alexander"]
[Black "Hansen, Eric"]
[WhiteFideId "2039796"]
[BlackFideId "2606771"]
[WhiteElo "2389"]
[BlackElo "2561"]
[Result "0-1"]
[Round "6"]
[TimeControl "180+2"]
[Date "2023.06.13"]
[WhiteClock "0:00:03"]
[BlackClock "0:01:55"]
[Board "20"]

1. e4 c5 2. Nf3 e6 3. c3 Nf6 4. e5 Nd5 5. d4 cxd4 6. cxd4 d6 7. Bc4 Be7 8. O-O O-O 9. Qe2 b6 10. Nc3 Nxc3 11. bxc3 Bb7 12. Bf4 Qc7 13. Bd3 Nd7 14. Rfe1 Rac8 15. c4 Bxf3 16. Qxf3 dxe5 17. Bxe5 Nxe5 18. Rxe5 g6 19. Rae1 Rcd8 20. d5 Bb4 21. R1e3 Bc3 22. Rg5 Bd2 23. dxe6 Bxe3 24. Qxe3 Rfe8 25. Bxg6 fxg6 0-1


[Site "https://www.chess.com"]

[Event "Titled Tuesday Blitz June 13 Late 2023"]
[White "Goryachkina, Aleksandra"]
[Black "Jumabayev, Rinat"]
[WhiteFideId "4147103"]
[BlackFideId "13702661"]
[WhiteElo "2471"]
[BlackElo "2561"]
[Result "0-1"]
[Round "6"]
[TimeControl "180+2"]
[Date "2023.06.13"]
[WhiteClock "0:00:00"]
[BlackClock "0:00:08"]
[Board "21"]

1. e4 e6 2. d4 d5 3. Nc3 Nf6 4. Bg5 dxe4 5. Nxe4 Be7 6. Bxf6 gxf6 7. Nf3 a6 8. a4 b6 9. Nc3 Bb7 10. Qd2 c5 11. dxc5 Qxd2+ 12. Nxd2 Bxc5 13. Nde4 Bb4 14. O-O-O Ke7 15. Na2 a5 16. Nd2 Bc5 17. f3 Nd7 18. Bd3 Rac8 19. Kb1 Ne5 20. Be4 Ba6 21. g4 Be3 22. Nb3 Rhd8 23. Nc3 h6 24. h3 Bc4 25. Rxd8 Rxd8 26. Rd1 Rxd1+ 27. Nxd1 Bg5 28. Nf2 Bf1 29. Nc1 Bh4 30. Ncd3 Bg3 31. b3 Nxd3 32. Nxd3 Bxh3 33. c4 f5 34. gxf5 exf5 35. Bd5 h5 36. f4 h4 37. c5 bxc5 38. Nxc5 Bxf4 39. Nd3 Bc7 40. b4 Bf1 41. Kc2 axb4 42. Nxb4 h3 43. Nd3 Bg2 0-1


[Site "https://www.chess.com"]

[Event "Titled Tuesday Blitz June 13 Late 2023"]
[White "Seemann, Jakub"]
[Black "Maksimovic, Bojan"]
[WhiteFideId "21874697"]
[BlackFideId "14408120"]
[WhiteElo "2364"]
[BlackElo "2457"]
[Result "0-1"]
[Round "6"]
[TimeControl "180+2"]
[Date "2023.06.13"]
[WhiteClock "0:00:04"]
[BlackClock "0:00:06"]
[Board "22"]

1. d4 Nf6 2. c4 g6 3. Nc3 Bg7 4. g3 O-O 5. Bg2 d6 6. Nf3 Nc6 7. O-O a6 8. d5 Na5 9. b3 c5 10. dxc6 bxc6 11. Bb2 Rb8 12. Nd4 c5 13. Nc2 Nxc4 14. bxc4 Rxb2 15. Rb1 Rxb1 16. Qxb1 Bf5 17. Qb3 Qb8 18. Qa4 Bxc2 19. Qxc2 Qb4 20. Nd5 Nxd5 21. Bxd5 e6 22. Be4 Rb8 23. Rb1 Bb2 24. h4 Qa3 25. h5 Kg7 26. Qd2 Qxa2 27. h6+ Kg8 28. Qxd6 Qb3 29. Qxc5 Qc3 30. Qa7 Qe5 31. Bd3 Rf8 32. e3 Qc3 33. Bf1 Qc2 34. Rxb2 Qxb2 35. Qxa6 Qe5 36. Qb6 Rc8 37. Qb7 Rf8 38. Qe7 Rc8 39. Qh4 Qh5 40. Qf4 Qf5 41. Qd4 e5 42. Qd6 Qe6 43. Qd2 g5 44. c5 Qxh6 45. Bg2 Rxc5 46. Bf3 Qf6 47. Kg2 Kg7 48. Qd7 Rc2 49. Qd3 Rb2 50. Qf1 h6 51. Be4 Rb6 52. Qd3 Rb4 53. Bf5 h5 54. Be4 h4 55. gxh4 gxh4 56. Qd5 Qg5+ 57. Kf3 Rb6 58. Ke2 Rf6 59. Bf3 Qf5 60. Qe4 Qxe4 61. Bxe4 h3 62. Kf1 Kh6 63. Kg1 Kg5 64. f3 Kh4 65. Kh2 Rd6 66. f4 Rd2+ 0-1


[Site "https://www.chess.com"]

[Event "Titled Tuesday Blitz June 13 Late 2023"]
[White "Schnaider, Ilan"]
[Black "Kravtsiv, Martyn"]
[WhiteFideId "169013"]
[BlackFideId "14113147"]
[WhiteElo "2224"]
[BlackElo "2695"]
[Result "0-1"]
[Round "6"]
[TimeControl "180+2"]
[Date "2023.06.13"]
[WhiteClock "0:00:01"]
[BlackClock "0:00:09"]
[Board "23"]

1. e4 e5 2. Nf3 Nc6 3. Bc4 Nf6 4. d3 Bc5 5. c3 O-O 6. O-O d5 7. exd5 Nxd5 8. Re1 Bg4 9. h3 Bh5 10. Nbd2 Nb6 11. Bb3 Qxd3 12. Nxe5 Qf5 13. Nef3 Rae8 14. Rxe8 Rxe8 15. g4 Bxg4 16. hxg4 Qxg4+ 17. Kh1 Bxf2 18. Nh2 Qxd1+ 19. Bxd1 Re1+ 20. Kg2 Rxd1 21. Kxf2 Ne5 22. Ke2 Rg1 23. Nhf3 Nxf3 24. Nxf3 Rh1 25. Kf2 h6 26. Ne1 g5 27. Be3 Nc4 28. Bd4 b6 29. Kg2 Rh4 30. Nf3 Rg4+ 31. Kh3 Rf4 32. Kg3 c5 33. Bf2 Nxb2 34. Re1 Kf8 35. Re3 Nc4 36. Rd3 Ke7 37. Nd2 Ne5 38. Re3 f6 39. Bg1 Kf7 40. Bh2 Ra4 41. Ne4 Rxa2 42. Nd6+ Ke6 43. Nc4 h5 44. Nxe5 fxe5 45. Kh3 g4+ 46. Kg3 h4+ 47. Kxh4 Rxh2+ 48. Kxg4 Rf2 49. Kg3 Rf4 50. Re2 b5 51. Ra2 b4 52. cxb4 cxb4 53. Rxa7 Kd5 54. Rc7 Kd4 55. Kg2 Kd3 56. Rb7 Kc3 57. Rb5 b3 58. Rxe5 b2 59. Rc5+ Rc4 60. Rb5 Rb4 61. Rc5+ Kb3 62. Rc1 bxc1=Q 0-1


[Site "https://www.chess.com"]